 Dungeon Crawl Stone Soup version 0.30-a0-782-ge64f9170bb (webtiles) character file.

Game seed: 17314906162970460974

12618 wolong the Reanimator (level 11, -7/59 (68) HPs)
             Began as a Vampire Necromancer on Feb 18, 2023.
             Was an Initiate of Yredelemnul.
             Mangled by a sixfirhy (12 damage)
             ... summoned by a kobold demonologist
             ... on level 9 of the Dungeon.
             The game lasted 01:27:46 (14543 turns).

wolong the Reanimator (Vampire Necromancer)        Turns: 14543, Time: 01:27:46

HP:   -7/59 (68)    AC: 14    Str:  6 (7)  XL:     11   Next: 64%
MP:   2/25          EV: 13    Int: 18 (20) God:    Yredelemnul [......]
Gold: 561           SH:  4    Dex: 13 (15) Spells: 18/31 levels left

rFire   + . .      SeeInvis +    K - +2 short sword (venom)
rCold   x . .      Faith    .    H - +0 buckler
rNeg    . . .      Spirit   .    y - +2 robe {Archmagi}
rPois   .          Reflect  .    (no helmet)
rElec   .          Harm     .    P - +0 cloak
rCorr   .          Rampage  .    h - +2 pair of gloves
Will    +....      Archmagi +    (no boots)
Stlth   +++                      t - amulet of regeneration
HPRegen 1.29/turn                b - ring of fire
MPRegen 0.19/turn                i - +4 ring of protection

@: about to teleport, healing quickly, heavily drained
A: alive, fangs 3, see invisible, vampiric 2, hooves 1, iridescent scales 1,
dopey 1, [frail 1]
a: Exsanguinate, Renounce Religion, Recall Undead Harvest


You were on level 9 of the Dungeon.
You worshipped Yredelemnul.
Yredelemnul was noncommittal.
You visited 3 branches of the dungeon, and saw 11 of its levels.

You collected 561 gold pieces.

Inventory:

Hand Weapons
 a - the +8 whip of Semnewn {drain, rPois rC++ rN+ Dex-4}
   (You found it on level 8 of the Dungeon)

   Dex:       It affects your dexterity (-4).
   rC:        It greatly protects you from cold.
   rPois:     It protects you from poison.
   rN:        It protects you from negative energy.
 K - a +2 short sword of venom (weapon)
 Q - a +0 dagger of flaming
Armour
 h - a +2 pair of gloves (worn)
 y - a +2 robe of the Archmagi (worn)
 F - a scarf of harm
 H - a +0 buckler (worn)
 P - a +0 cloak (worn)
 R - a +0 chain mail of willpower
 U - a +0 kite shield
 W - a +3 ring mail
Jewellery
 b - a ring of fire (left hand)
 e - a ring of poison resistance
 g - an amulet of reflection
 i - a +4 ring of protection (right hand)
 l - a ring of positive energy
 m - the amulet "Hakauneg" {Spirit *Slow rPois rF+ Dex+4}
   (You acquired it on level 6 of the Dungeon)

   [amulet of guardian spirit]

   It causes incoming damage to be divided between your reserves of health and
   magic.
   Dex:       It affects your dexterity (+4).
   rF:        It protects you from fire.
   rPois:     It protects you from poison.
   *Slow:     It may slow you when you take damage.
 p - a ring of willpower
 t - an amulet of regeneration (around neck)
 x - a ring of resist corrosion
Wands
 v - a wand of mindburst (13)
 z - a wand of polymorph (14)
 C - a wand of paralysis (10)
 V - a wand of acid (5)
 X - a wand of flame (18)
Scrolls
 d - 3 scrolls of torment
 k - a scroll of magic mapping
 n - 2 scrolls of teleportation
 q - a scroll of enchant armour
 B - 4 scrolls of blinking {unknown}
 D - 4 scrolls of poison {unknown}
 G - 2 scrolls of fear
 I - 2 scrolls of vulnerability {unknown}
 L - a scroll of immolation {unknown}
 M - a scroll of amnesia {unknown}
 N - a scroll of noise {unknown}
 Y - 3 scrolls of enchant weapon {unknown}
 Z - 2 scrolls of identify
Potions
 c - a potion of berserk rage
 f - a potion of brilliance
 j - 2 potions of invisibility
 r - a potion of mutation
 s - 2 potions of lignification
 u - 4 potions of curing
 w - a potion of attraction
 A - 4 potions of heal wounds
 E - 3 potions of degeneration {unknown}
 O - 2 potions of might {unknown}
 T - a potion of resistance {unknown}
Miscellaneous
 S - a tin of tremorstones (2/2)


   Skills:
 + Level 3.7 Fighting
 + Level 5.6 Short Blades
 + Level 4.0 Armour
 + Level 5.3 Dodging
 + Level 5.1 Stealth
 + Level 2.8 Shields
 + Level 10.5 Spellcasting
 + Level 12.4 Necromancy
 + Level 1.5 Air Magic
 + Level 0.6 Poison Magic


You had 18 spell levels left.
You knew the following spells:

 Your Spells              Type           Power      Damage    Failure   Level
a - Necrotise             Necr           100%       1d9       1%          1
b - Cigotuvi's Dreadful   Necr/Pois/Air  80%        N/A       1%          2
c - Vampiric Draining     Necr           69%        2d10      1%          3
d - Agony                 Necr           69%        N/A       1%          5
e - Poisonous Vapours     Pois/Air       40%        N/A       10%         2

Your spell library contained the following spells:

 Spells                   Type           Power      Damage    Failure   Level
 Foxfire                  Conj/Fire      84%        2x1d8     10%         1
 Magic Dart               Conj           56%        1d5       10%         1
 Sandblast                Erth           28%        2d8       10%         1
 Blink                    Tloc           28%        N/A       16%         2
 Lesser Beckoning         Tloc           28%        N/A       16%         2
 Momentum Strike          Conj/Tloc      28%        3d8       16%         2
 Passwall                 Tmut/Erth      11%        N/A       16%         2
 Searing Ray              Conj           28%        2d5       16%         2
 Mephitic Cloud           Conj/Pois/Air  18%        N/A       22%         3
 Kindle Blastsparks       Fire/Tloc/Air  50%        2d14      24%         3
 Gell's Gravitas          Tloc           14%        N/A       30%         3
 Stone Arrow              Conj/Erth      28%        3d8       30%         3
 Teleport Other           Tloc           14%        N/A       30%         3
 Fulminant Prism          Conj/Hex       7%         3d6       69%         4
 Iskenderun's Mystic Bla  Conj/Tloc      14%        2d5       69%         4
 Manifold Assault         Tloc           14%        N/A       69%         4
 Fireball                 Conj/Fire      10%        3d6       95%         5
 Lee's Rapid Deconstruct  Erth           7%         3d6*      95%         5
 Starburst                Conj/Fire      10%        6d5       100%        6
 Storm Form               Tmut/Air       9%         N/A       100%        7
 Animate Dead             Necr           Unusable   N/A       N/A         4

Dungeon Overview and Level Annotations

Branches:
Dungeon (9/15)             Temple (1/1) D:6            Lair (1/5) D:8
    Orc: D:9-12

Altars:
Ashenzari
Cheibriados
Dithmenos
Fedhas
Gozag
Hepliaklqana
Kikubaaqudgha
Makhleb
Nemelex Xobeh
Okawaru
Qazlal
Sif Muna
Trog
Uskayaw
Vehumet
Wu Jian
Xom
Yredelemnul

Shops:
D:5 (   D:8 (

Annotations:
D:9 exclusion: ice statue


Innate Abilities, Weirdness & Mutations

Your natural rate of healing is accelerated.
You have razor-sharp teeth.
You have supernaturally acute eyesight. (SInv)
You are afflicted with vampirism and can become a bat while bloodless.
You have large cloven feet.
You are partially covered in iridescent scales. (AC +2)
You are dopey. (Int -2)
[You are frail. (-10% HP)]


Message History

Your kobold zombie barely misses the neqoxec.
The kobold demonologist miscasts a cantrip.
The neqoxec misses you.
You swap places.
Your necrophage barely misses the crimson imp.
The crimson imp barely misses your necrophage.
The kobold demonologist hits your necrophage with a +0 dagger.
The neqoxec gestures at you.
Strange energies course through your body.
You feel stupid.
You hit the neqoxec.
The neqoxec is lightly wounded.
Your kobold zombie barely misses the neqoxec.
Your necrophage hits the crimson imp.
The crimson imp closely misses your necrophage.
You miss the neqoxec.
The neqoxec is lightly wounded.
The sixfirhy hits your necrophage! The sixfirhy shocks your necrophage!
The sixfirhy hits your necrophage but does no damage.
The kobold demonologist barely misses your necrophage.
The neqoxec hits you.
Your kobold zombie hits the neqoxec but does no damage.
You hit the neqoxec. You bite the neqoxec.
The neqoxec is moderately wounded.
The sixfirhy hits your necrophage!
Your necrophage is destroyed!
Your necrophage's corpse disappears in a puff of smoke!
The sixfirhy closely misses you. The sixfirhy hits you.
The sixfirhy shocks you!
The neqoxec hits you but does no damage.
As you read the scroll of teleportation, it crumbles to dust.
You feel strangely unstable. The sixfirhy hits you!
* * * LOW HITPOINT WARNING * * *
The sixfirhy shocks you!
* * * LOW HITPOINT WARNING * * *
The sixfirhy hits you.
* * * LOW HITPOINT WARNING * * *
The sixfirhy shocks you!
You die...
Yredelemnul claims you as an undead slave.

#####..........#
#...#...Z......#
#.#.#..Z#.Z.####
####.#.#.#.#...########
#......#.#.#..ZZ......#
#.##.#..<#.#..........#
#........#.#.........ZZ
########K#...#.#..........#
.......)53@..#.##.#........
........)3.#.#.##.#........
.........KZ#... #.#........
...........#.####.#........
...........#.. ............
..........## #...#........
..........# .............
..........# ###########..
#..


You could see a kobold demonologist, a sixfirhy (summoned), a neqoxec (summoned,
ally target), a crimson imp (summoned, distracted), a kobold and a friendly
kobold zombie.

Vanquished Creatures
  A death yak (D:8)
  A komodo dragon (Lair:1)
  2 kobold demonologists (D:9)
  The ghost of gyole the Shooter, a novice SpHu of the Shining One (D:5)
  Prince Ribbit (D:9)
  2 blink frogs (Lair:1)
  Sigmund (D:3)
  A wraith (D:9)
  3 wyverns
  A shadow (D:6)
  8 yaks
  A human (D:8)
  2 basilisks
  Eustachio (D:6)
  4 steam dragons
  2 water moccasins
  3 black bears
  An ice beast (D:7)
  5 orc warriors
  A sky beast (D:7)
  2 ogres
  3 wolves (Lair:1)
  A centaur (D:7)
  A phantom (D:5)
  5 bullfrogs
  2 kobold brigands
  6 scorpions
  4 killer bees (D:9)
  9 orc priests
  2 jellies
  Jessica (D:3)
  A gnoll bouda (D:7)
  Ijyb (D:4)
  5 iguanas
  16 orc wizards
  6 adders
  6 gnolls
  2 white imps (D:7)
  5 worms
  4 dart slugs
  49 orcs
  6 ball pythons
  6 bats
  6 endoplasms
  2 giant cockroaches (D:1)
  6 goblins
  4 hobgoblins
  2 jackals (D:2)
  10 kobolds
  5 quokkas
  A frilled lizard (D:2)
  A jackal skeleton (D:8)
  4 rats
226 creatures vanquished.

Vanquished Creatures (collateral kills)
  A cane toad (Lair:1)
  3 komodo dragons (Lair:1)
  A troll (D:9)
  A blink frog (Lair:1)
  The ghost of duelista700 the Magician, an amateur DjHW of Nemelex Xobeh (D:5)
  The ghost of IndexError the Shooter, an amateur DEHs of Hepliaklqana (D:5)
  A wyvern (Lair:1)
  6 yaks
  2 water moccasins (Lair:1)
  An ice beast (D:8)
  2 wolves (Lair:1)
  A centaur (D:8)
  An electric eel (Lair:1)
  An orc priest (D:8)
  3 iguanas (Lair:1)
  An orc wizard (D:6)
  A gnoll (D:6)
  4 orcs
  2 goblins
  3 kobolds
37 creatures vanquished.

Vanquished Creatures (others)
  3 blink frog zombies (Lair:1)
  A wyvern zombie (D:9)
  2 water moccasin zombies (Lair:1)
  4 yak zombies
  A wolf zombie (Lair:1)
  A black bear zombie (D:8)
  2 bullfrog zombies
  A basilisk zombie (Lair:1)
  An orc wizard (D:5)
  2 killer bee zombies (D:9)
  A steam dragon zombie (D:8)
  3 kobold zombies
  15 orc zombies
  2 fungi (Lair:1)
  11 plants (Lair:1)
50 creatures vanquished.

Grand Total: 313 creatures vanquished

Notes
Turn   | Place    | Note
-------+----------+-------------------------------------------
     0 | D:1      | wolong the Vampire Necromancer began the quest for the Orb.
     0 | D:1      | Reached XP level 1. HP: 13/13 MP: 3/3
   216 | D:1      | Reached XP level 2. HP: 19/19 MP: 1/5
   288 | D:1      | Reached skill level 5 in Necromancy
   421 | D:1      | Gained mutation: You are afflicted with vampirism and can
                  | become a bat while bloodless. [Vampire growth]
   421 | D:1      | Reached XP level 3. HP: 24/24 MP: 2/6
  1707 | D:2      | Reached XP level 4. HP: 30/30 MP: 2/8
  2631 | D:3      | Noticed a scorpion
  2636 | D:3      | Killed a scorpion
  2637 | D:3      | Reached skill level 6 in Necromancy
  2637 | D:3      | Reached XP level 5. HP: 36/36 MP: 4/10
  2714 | D:3      | Noticed Sigmund
  2718 | D:3      | Killed Sigmund
  2719 | D:3      | Reached XP level 6. HP: 42/42 MP: 6/12
  2960 | D:3      | Noticed Jessica
  2968 | D:3      | Killed Jessica
  3318 | D:3      | Learned a level 2 spell: Cigotuvi's Dreadful Rot
  4773 | D:3      | Learned a level 3 spell: Vampiric Draining
  5178 | D:4      | Reached skill level 7 in Necromancy
  5178 | D:4      | Reached XP level 7. HP: 39/44 MP: 2/14
  5590 | D:4      | Reached skill level 5 in Spellcasting
  5720 | D:4      | Found an ancient bone altar of Kikubaaqudgha.
  5738 | D:4      | Noticed Ijyb
  5743 | D:4      | Killed Ijyb
  5853 | D:5      | Entered Level 5 of the Dungeon
  5971 | D:5      | Found Umaebul's Antique Weapon Emporium.
  5976 | D:5      | Reached skill level 1 in Short Blades
  6234 | D:5      | Found a runed translucent gate.
  6237 | D:5      | Found a runed translucent gate.
  6238 | D:5      | Found a runed translucent gate.
  6240 | D:5      | Noticed gyole's ghost (novice SpHu)
  6240 | D:5      | Noticed duelista700's ghost (amateur DjHW)
  6240 | D:5      | Noticed IndexError's ghost (amateur DEHs)
  6256 | D:5      | Killed duelista700's ghost
  6257 | D:5      | Reached skill level 1 in Fighting
  6257 | D:5      | Reached skill level 8 in Necromancy
  6257 | D:5      | Reached XP level 8. HP: 24/54 MP: 6/17
  6267 | D:5      | Killed gyole's ghost
  6276 | D:5      | Killed IndexError's ghost
  6806 | D:5      | Reached skill level 9 in Necromancy
  7534 | D:6      | Gained mutation: You are partially covered in iridescent
                  | scales. (AC +2) [potion of mutation]
  7534 | D:6      | Gained mutation: You have large cloven feet. [potion of
                  | mutation]
  7553 | D:6      | Reached XP level 9. HP: 55/59 MP: 19/19
  7571 | D:6      | Found a stormy altar of Qazlal.
  7734 | D:6      | Found a staircase to the Ecumenical Temple.
  7777 | D:6      | Identified a scroll of acquirement
  7777 | D:6      | Acquired the amulet "Hakauneg" {Spirit *Slow rPois rF+
                  | Dex+4}
  7998 | Temple   | Entered the Ecumenical Temple
  8368 | D:6      | Found an opulent altar of Gozag.
  8484 | D:6      | Found an iron altar of Okawaru.
  8496 | D:6      | Noticed Eustachio
  8502 | D:6      | Killed Eustachio
  8503 | D:6      | Reached skill level 1 in Shields
  8503 | D:6      | Reached skill level 10 in Necromancy
  9125 | D:7      | Learned a level 5 spell: Agony
  9128 | D:7      | Learned a level 2 spell: Poisonous Vapours
  9492 | D:7      | Found a shimmering blue altar of Sif Muna.
 10189 | D:8      | Found a bloodstained altar of Trog.
 10222 | D:8      | Found a runed translucent door.
 10224 | D:8      | Found a basalt altar of Yredelemnul.
 10251 | D:8      | Reached skill level 1 in Air Magic
 10268 | D:8      | Became a worshipper of Yredelemnul the Dark
 10299 | D:8      | Noticed a death yak
 10300 | D:8      | Found a staircase to the Lair.
 10523 | D:8      | Found Nobit's Weapon Shoppe.
 10604 | D:8      | Found an ornate altar of the Wu Jian Council.
 10608 | D:8      | Reached XP level 10. HP: 67/67 MP: 15/22
 10764 | D:8      | Reached * piety under Yredelemnul
 10765 | D:8      | Reached skill level 11 in Necromancy
 10822 | D:8      | Killed a death yak
 10823 | D:8      | Reached skill level 1 in Armour
 10877 | D:8      | Found a shimmering altar of Xom.
 10884 | D:8      | Found a radiant altar of Vehumet.
 10918 | D:8      | Found a burning altar of Makhleb.
 10985 | Lair:1   | Entered Level 1 of the Lair of Beasts
 11358 | Lair:1   | Reached ** piety under Yredelemnul
 11559 | Lair:1   | Reached *** piety under Yredelemnul
 11625 | Lair:1   | Reached **** piety under Yredelemnul
 11777 | Lair:1   | Reached XP level 11. HP: 22/74 MP: 6/24
 12206 | Lair:1   | Reached skill level 5 in Short Blades
 12206 | Lair:1   | Reached skill level 12 in Necromancy
 13153 | D:8      | Found a runed translucent door.
 13189 | D:8      | Reached skill level 10 in Spellcasting
 13445 | D:8      | Identified the +8 whip of Semnewn {drain, rPois rC++ rN+
                  | Dex-4}
 13803 | D:9      | Reached skill level 5 in Dodging
 13955 | D:9      | Reached skill level 5 in Stealth
 14090 | D:9      | Noticed Prince Ribbit
 14105 | D:9      | Identified the +7 battleaxe of the Ageing Gods {venom,
                  | Str+7}
 14109 | D:9      | Killed Prince Ribbit
 14536 | D:9      | Noticed a sixfirhy
 14539 | D:9      | Gained mutation: You are dopey. (Int -2) [a neqoxec]
 14543 | D:9      | Mangled by a sixfirhy

Illustrated notes

Levels and vault maps discovered:
D:1:      erik_arrival_orb_chamber, layout_basic, minmay_vboxes
D:2:      layout_basic, grunt_decor_arrowhead
D:3:      layout_loops_ring, uniq_jessica, uniq_sigmund
D:4:      layout_rooms, kiku_gazebo_pond_becter, uniq_ijyb
D:5:      layout_gridville, gammafunk_ghost_cemetery, serial_shops,
          nicolae_shop_trees
D:6:      layout_basic, mainiacjoe_overflow_tiny_flanked,
          grunt_qazlal_sundering, mainiacjoe_overflow_catwalk,
          minmay_temple_entry_trees, hex_intersection, uniq_eustachio
D:7:      minmay_inner_zag, layout_basic, nicolae_overflow_crystal_walls
D:8:      layout_loops_ring, mainiacjoe_overflow_six_doors_small,
          mainiacjoe_overflow_paths, grunt_temple_overflow_open,
          mainiacjoe_overflow_large_starburst, dk_yredelemnul_ordeal,
          david_lair_generic, serial_shops, nicolae_shop_bloodbath_and_beyond,
          lightli_church_of_beogh
D:9:      layout_basic, minivault_15, uniq_prince_ribbit1
Temple:   hellmonk_temple_forest_ring
Lair:1:   beast_lair_carwin_large_1, layout_cave_shapes,
          chequers_serial_rivers_small_3, nicolae_quartered_pool_medium

Skill      XL: |  1  2  3  4  5  6  7  8  9 10 11 |
---------------+----------------------------------+-----
Necromancy     | 5 6 7 8 9 10 11 12 | 12.4
Spellcasting   | 3 4 6 7 8 9 10 | 10.5
Dodging        | 3 4 5 |  5.3
Short Blades   | 1 2 4 5 |  5.6
Fighting       | 1 2 3 |  3.7
Stealth        | 4 5 |  5.1
Shields        | 1 2 |  2.8
Air Magic      | 1 |  1.5
Armour         | 2 4 |  4.0
Poison Magic   | |  0.6

Action                     |  1- 3 |  4- 6 |  7- 9 | 10-12 || total
---------------------------+-------+-------+-------+-------++-------
  Melee: Dagger            |     9 |       |    18 |       ||    27
         Bite              |     1 |     5 |    24 |    58 ||    88
         Short sword       |     7 |    40 |   126 |   369 ||   542
         Punch             |       |       |     1 |       ||     1
         Kick              |       |       |    23 |   152 ||   175
         Unarmed           |       |       |       |     3 ||     3
   Cast: Necrotise         |    59 |    71 |   129 |    85 ||   344
         Vampiric Draining |       |     3 |    59 |    34 ||    96
         Cigotuvi's Dreadf |       |     2 |     1 |       ||     3
         Poisonous Vapours |       |       |     7 |     6 ||    13
 Invoke: Dark Bargain      |       |       |       |     3 ||     3
Ability: Exsanguinate      |       |       |     1 |     1 ||     2
         Revivify          |       |       |     1 |     1 ||     2
         Bat Form          |       |       |       |     1 ||     1
    Use: Scroll            |       |     7 |    10 |     4 ||    21
         Potion            |       |       |     2 |     4 ||     6
   Stab: Distracted        |     1 |       |     1 |     6 ||     8
 Armour: Ring mail         |     1 |    15 |       |       ||    16
         Robe              |     1 |     2 |    94 |    73 ||   170
         Chain mail        |       |       |       |   226 ||   226
  Dodge: Dodged            |    12 |    28 |   149 |   165 ||   354
  Block: Buckler           |       |       |    25 |    91 ||   116

Table legend: (Time is in decaauts)
 A = Elapsed time spent in this place.
 B = Non-inter-level travel time spent in this place.
 C = Inter-level travel time spent in this place.
 D = Time resting spent in this place.
 E = Time spent auto-exploring this place.
 F = Levels seen in this place.
 G = Mean time per level.
                   A        B        C        D        E       F      G
               +--------+--------+--------+--------+--------+-----+--------+
         Total |  14546 |  13763 |    783 |   2595 |   7556 |  11 | 1322.4 |
       Dungeon |  12558 |  11930 |    628 |   2252 |   6691 |   9 | 1395.3 |
        Temple |    235 |    235 |      0 |      0 |    138 |   1 |  235.0 |
          Lair |   1752 |   1597 |    155 |    343 |    726 |   1 | 1752.0 |
               +--------+--------+--------+--------+--------+-----+--------+

Top non-repeatable levels by time:
     D:3: 2473 daAuts
     D:8: 1839 daAuts
  Lair:1: 1752 daAuts
     D:5: 1538 daAuts
     D:2: 1365 daAuts
     D:6: 1330 daAuts
     D:1: 1170 daAuts
     D:7: 1159 daAuts
     D:9: 841 daAuts
     D:4: 839 daAuts
  Temple: 235 daAuts
